 Dungeon Crawl Stone Soup version 0.30.1-4-g462c640d31 (webtiles) character file.

Game seed: 12794667804244214026

17 GimliDwarf the Zephyrmancer (level 2, -1/26 HPs)
             Began as a Gnoll Wanderer on Aug 15, 2023.
             Slain by Terence
             ... wielding a +0 mace
              (9 damage)
             ... on level 2 of the Dungeon.
             The game lasted 00:02:41 (759 turns).

GimliDwarf the Zephyrmancer (Gnoll Wanderer)         Turns: 759, Time: 00:02:41

Health: -1/26      AC:  4    Str: 15    XL:     2   Next: 62%
Magic:  2/5        EV: 11    Int: 10    God:
Gold:   27         SH:  0    Dex:  8    Spells: 5/6 levels left

rFire   . . .        a - +1 spear (flame)
rCold   . . .        (no shield)
rNeg    . . .        c - +1 leather armour
rPois   .            (no helmet)
rElec   .            (no cloak)
rCorr   .            (no gloves)
SInv    .            (no boots)
Will    .....        (no amulet)
Stlth   +            (no ring)
HPRegen 0.24/turn    (no ring)
MPRegen 0.09/turn

%: no passive effects
@: no status effects
A: fangs 1, strong nose, distributed training
a: no special abilities


You were on level 2 of the Dungeon.
You visited 1 branch of the dungeon, and saw 2 of its levels.

You collected 27 gold pieces.

Inventory:

Hand Weapons
 a - a +1 spear of flaming (weapon)
Armour
 c - a +1 leather armour (worn)
Magical Staves
 i - a staff of conjuration
Scrolls
 b - a scroll of brand weapon


   Skills:
 + Level 4.5 Fighting
 + Level 0.5 Short Blades
 + Level 0.5 Long Blades
 + Level 0.5 Axes
 + Level 0.5 Maces & Flails
 + Level 2.5 Polearms
 + Level 0.5 Staves
 + Level 0.5 Ranged Weapons
 + Level 0.5 Throwing
 + Level 2.5 Armour
 + Level 0.5 Dodging
 + Level 0.5 Stealth
 + Level 0.5 Shields
 + Level 0.5 Unarmed Combat
 + Level 2.7 Spellcasting
 + Level 0.3 Conjurations
 + Level 0.3 Hexes
 + Level 0.3 Summonings
 + Level 0.3 Necromancy
 + Level 0.3 Translocations
 + Level 0.3 Transmutations
 + Level 0.3 Fire Magic
 + Level 0.3 Ice Magic
 + Level 8.7 Air Magic
 + Level 0.3 Earth Magic
 + Level 0.3 Poison Magic
 + Level 0.6 Invocations
 + Level 0.5 Evocations


You had 5 spell levels left.
You knew the following spells:

 Your Spells              Type           Power      Damage    Failure   Level
a - Shock                 Conj/Air       40%        1d5       5%          1

Your spell library contained the following spells:

 Spells                   Type           Power      Damage    Failure   Level
 Airstrike                Air            9%         2d(2-18)  10%         4
 Cigotuvi's Dreadful Rot  Necr/Pois/Air  14%        N/A       14%         2


Dungeon Overview and Level Annotations

Branches:
Dungeon (2/15)

Altars:

Annotations:
D:2 Terence


Innate Abilities, Weirdness & Mutations

You have very sharp teeth.
Your uncanny sense of smell can sniff out nearby items.
Your experience applies equally to all skills.


Message History

Terence hits you with a +0 mace.
You aren't carrying any items that you can evoke.
Unknown command.
Aiming: Shock (safe; 5% risk of failure)
Press: ? - help, Q - select action Shift-Dir - straight line The zap hits Terence but does no damage.
Terence is moderately wounded.
The zap hits Terence but does no damage.
Terence is moderately wounded.
Terence hits you with a +0 mace!
You closely miss Terence.
Terence is moderately wounded.
Terence hits you but does no damage.
You hit Terence but do no damage.
Terence is moderately wounded.
Terence completely misses you.
You closely miss Terence.
Terence is moderately wounded.
Terence barely misses you.
You barely miss Terence. Your bite misses Terence.
Terence is moderately wounded.
Terence hits you with a +0 mace!
You aren't carrying any potions.
Okay, then.
Casting: Shock (safe; 5% risk of failure)
Confirm with . or Enter, or press ? or * to list all spells.
Okay, then.
Aiming: Shock (safe; 5% risk of failure)
Press: ? - help, Q - select action Shift-Dir - straight line The zap misses Terence.
The zap hits Terence but does no damage.
Terence is moderately wounded.
Terence hits you but does no damage.
You barely miss Terence.
Terence is moderately wounded.
Terence hits you with a +0 mace.
You hit Terence but do no damage.
Terence is moderately wounded.
Terence hits you with a +0 mace!
You die...

*,* *,* *,* *,*
*,##########,* ******
*,#........#,* ,,,,,*
*,#.######.#,*
****,******,#.#....#.#,*
,*,,,,,,,**,#.#.#..#.#,*
,*,*,***,**,#.#.#.##.#,*
,*,*,,,,,,,,#.#.@....#,*
,*,*,*,*,***#.###@####,*
,,,*,*,*,* #.#....#,,,*
>*,*,*,*,* #.#.#..#,***
,***,*,*,* #.#.#..#,*
,,,,,*,*,* #.#,#..#,*
*** ,***,,,*,*
#.#,#./#∆* *,* ,*
*,***,* #.#,#..#,***,***
,* *,* *,*
#.#,,,,*∆,,,,,,*


You could see Terence.

Vanquished Creatures
  2 ball pythons
  A bat (D:1)
  3 endoplasms
  2 giant cockroaches (D:1)
  A goblin (D:1)
  A hobgoblin (D:2)
  A kobold (D:2)
  A quokka (D:1)
  A frilled lizard (D:2)
13 creatures vanquished.

Notes
Turn   | Place    | Note
-------+----------+-------------------------------------------
     0 | D:1      | GimliDwarf the Gnoll Wanderer began the quest for the Orb.
     0 | D:1      | GimliDwarf set off with the following items: a +1 spear, a
                  | scroll of vulnerability, a +0 leather armour; and the
                  | following spell memorised: Shock; and the following spells
                  | available to memorise: Airstrike, Cigotuvi's Dreadful Rot.
     0 | D:1      | Reached XP level 1. HP: 20/20 MP: 4/4
   350 | D:1      | Reached XP level 2. HP: 26/26 MP: 1/5
   749 | D:2      | Noticed Terence
   759 | D:2      | Slain by Terence

Illustrated notes

Levels and vault maps discovered:
D:1:      tekkud_arrival_beachfront_property, layout_rooms,
          minmay_misc_feat_four_crosses, nicolae_titane
D:2:      layout_basic, uniq_jessica, uniq_terence

Action                     || total
---------------------------++-------
  Melee: Spear             ||    33
         Bite              ||     2
   Cast: Shock             ||    16
    Use: Scroll            ||     5
 Armour: Leather armour    ||    14
  Dodge: Dodged            ||    12
